 Dungeon Crawl Stone Soup version 0.21.1-1-g345015f (webtiles) character file.

9245 sking99 the Cleaver (level 11, -1/99 HPs)
             Began as a Minotaur Berserker on June 12, 2018.
             Was a High Priest of Trog.
             Slain by an unseen horror (4 damage)
             ... on level 10 of the Dungeon on June 13, 2018.
             The game lasted 01:40:15 (9557 turns).

sking99 the Cleaver (Minotaur Berserker)            Turns: 9557, Time: 01:40:16

Health: -1/99      AC: 18    Str: 24    XL:     11   Next: 20%
Magic:  0/3        EV:  8    Int:  4    God:    Trog [*****.]
Gold:   420        SH:  0    Dex: 11    Spells: 10/10 levels left

rFire    . . .     SeeInvis .   b - +1 battleaxe (antimagic)
rCold    + . .     Gourm    .   (shield currently unavailable)
rNeg     . . .     Faith    .   B - +2 plate armour {rC+}
rPois    .         Spirit   +   (helmet restricted)
rElec    .         Reflect  .   O - scarf {Spirit}
rCorr    .         Harm     .   (no gloves)
MR       .....                  j - +0 pair of boots
Stlth    ..........             y - amulet of magic regeneration
HPRegen  0.26/turn              w - ring of stealth
MPRegen  0.33/turn              o - ring of flight

@: no status effects
A: retaliatory headbutt, horns 2
a: Berserk, Trog's Hand, Brothers in Arms, Burn Spellbooks, Renounce Religion,
Evoke Flight


You were on level 10 of the Dungeon.
You worshipped Trog.
Trog was extremely pleased with you.
You were very hungry.

You visited 2 branches of the dungeon, and saw 11 of its levels.

You collected 420 gold pieces.

Inventory:

Hand Weapons
 b - a +1 antimagic battleaxe (weapon)
 D - a +3 flail of venom
 G - a +0 broad axe
 L - a +1 war axe of freezing
Missiles
 k - 238 stones (quivered)
Armour
 j - a +0 pair of boots (worn)
 t - a +0 buckler
 B - a +2 plate armour of cold resistance (worn)
 I - a +0 large shield
 J - a +0 plate armour
 O - a scarf of spirit shield (worn)
Jewellery
 o - a ring of flight (right hand)
 q - an uncursed ring of stealth
 w - a ring of stealth (left hand)
 y - an amulet of magic regeneration (around neck)
 N - a -3 ring of intelligence
Wands
 a - a wand of acid (10)
 n - a wand of digging (11)
 s - a wand of random effects (62)
 u - a wand of polymorph (3)
 P - a wand of flame (21)
 Q - a wand of iceblast (8)
 S - a wand of enslavement (18)
Scrolls
 d - 4 scrolls of amnesia
 f - 2 scrolls of random uselessness
 l - a scroll of magic mapping
 p - 2 scrolls of enchant armour {unknown}
 r - 2 scrolls of teleportation
 F - a scroll of fog
 R - 6 scrolls of identify
 T - 2 scrolls of remove curse
Potions
 e - 4 potions of curing
 g - a potion of might {unknown}
 h - a potion of agility {unknown}
 i - a potion of cancellation {unknown}
 m - 2 potions of magic
 z - a potion of invisibility {unknown}
 A - 2 potions of mutation {unknown}
 K - a potion of berserk rage {unknown}
Books
 M - a book of Conjurations

   Spells                             Type                      Level
   a - Magic Dart                     Conjuration                  1
   b - Searing Ray                    Conjuration                  2
   c - Dazzling Spray                 Conjuration/Hexes            3
   d - Fulminant Prism                Conjuration/Hexes            4
   e - Force Lance                    Conjuration/Translocation    4
   f - Iskenderun's Mystic Blast      Conjuration                  4
   Trog disapproves of the use of such an item.
Comestibles
 c - 16 rations


   Skills:
 + Level 10.0 Fighting
 + Level 14.4 Axes
 - Level 1.4(9.7) Maces & Flails
 + Level 10.7 Armour
 - Level 3.0 Dodging
 - Level 4.0 Shields
 - Level 0.2 Spellcasting


You had 10 spell levels left.
You didn't know any spells.

Dungeon Overview and Level Annotations

Branches:
Dungeon (10/15)            Temple (1/1) D:7            Lair (0/6) D:9
    Orc: D:9-12

Altars:
Ashenzari
Cheibriados
Dithmenos
Elyvilon
Fedhas
Gozag
Hepliaklqana
Kikubaaqudgha
Makhleb
Nemelex Xobeh
Okawaru
Qazlal
Ru
Sif Muna
Trog
Uskayaw
Vehumet
Wu Jian
Xom
Yredelemnul
Zin
The Shining One

Shops:
D:6 [


Innate Abilities, Weirdness & Mutations

You reflexively headbutt those who attack you in melee.
You have a pair of horns on your head.


Message History

There is an open door here.
Something hits you but does no damage. Something hits you but does no damage.
Something hits you!
* * * LOW HITPOINT WARNING * * *
There is a stone staircase leading down here.
Something hits you but does no damage. x2
Something hits you but does no damage. Something hits you.
* * * LOW HITPOINT WARNING * * *
Something hits you but does no damage.
You are feeling very hungry.
Something hits you but does no damage. x2
You slash something! You headbutt something.
Something hits you but does no damage. Something hits you but does no damage.
Something hits you!
* * * LOW HITPOINT WARNING * * *
Something hits you but does no damage. Something hits you.
You die...

#..........>O.....#
#........####'###.#
#####....#......#.#
#....#......#)#
#...O#......#O#
#....#..O...#.#
#....###'####.####
#.......(..).....#
#.@................
+.#######...#######
#. #...# #. #...#
#. #...# #. #####
##


You could see a two-headed ogre.

Vanquished Creatures
  A two-headed ogre (D:9)
  2 unseen horrors (D:7)
  Pikel (D:4)
  A cyclops (D:7)
  Maurice (D:9)
  Psyche (D:8)
  A hippogriff (D:10)
  A wyvern (D:7)
  Edmund (D:5)
  2 sky beasts (D:5)
  2 black bears
  An ice beast (D:6)
  2 orc warriors
  A phantom (D:8)
  A slave (D:4)
  3 ogres
  6 centaurs
  A big kobold (D:8)
  6 bullfrogs
  A gnoll sergeant (D:8)
  11 killer bees
  6 scorpions
  8 wights
  4 howler monkeys
  3 bullfrog zombies
  2 crimson imps (D:3)
  2 centaur zombies (D:9)
  5 hounds
  3 centaur skeletons
  2 jellies (D:7)
  8 orc priests
  A bullfrog skeleton (D:8)
  A gnoll shaman (D:8)
  10 orc wizards
  Ijyb (D:3)
  Natasha (thrice) (D:2)
  2 iguanas
  Terence (D:2)
  10 worker ants
  A killer bee zombie (D:8)
  A hound skeleton (D:7)
  Robin (D:4)
  17 gnolls
  11 adders
  2 howler monkey skeletons
  3 shadow imps
  An ooze (D:3)
  2 adder zombies
  3 adder skeletons
  3 worms
  2 dart slugs
  4 leopard geckos
  47 orcs
  5 giant cockroaches
  17 goblins
  7 hobgoblins
  10 jackals
  A quokka (D:8)
  3 ball pythons
  4 bats
  6 frilled lizards
  14 kobolds
  2 quokka zombies (D:5)
  3 rats
289 creatures vanquished.

Vanquished Creatures (collateral kills)
  Snorg (D:10)
  An orc priest (D:10)
2 creatures vanquished.

Grand Total: 291 creatures vanquished

Notes
Turn   | Place    | Note
-------+----------+-------------------------------------------
     0 | D:1      | sking99 the Minotaur Berserker began the quest for the Orb.
     0 | D:1      | Reached XP level 1. HP: 19/19 MP: 0/0
   254 | D:1      | Reached XP level 2. HP: 25/27 MP: 1/1
   337 | D:1      | Reached skill level 4 in Axes
   864 | D:1      | Reached XP level 3. HP: 29/34 MP: 2/2
  1125 | D:2      | Noticed Natasha
  1139 | D:2      | Reached ** piety under Trog
  1149 | D:2      | Killed Natasha
  1154 | D:2      | Noticed Natasha
  1161 | D:2      | Killed Natasha
  1161 | D:2      | Reached XP level 4. HP: 35/41 MP: 3/3
  1249 | D:2      | Noticed Terence
  1257 | D:2      | Killed Terence
  1315 | D:2      | Reached skill level 5 in Fighting
  1318 | D:2      | Reached skill level 5 in Axes
  1330 | D:2      | Noticed Natasha
  1335 | D:2      | Killed Natasha
  1335 | D:2      | Reached XP level 5. HP: 46/48 MP: 4/4
  1609 | D:3      | Noticed Ijyb
  1712 | D:3      | Killed Ijyb
  1846 | D:3      | Reached skill level 1 in Shields
  2040 | D:3      | Found a shimmering altar of Xom.
  2284 | D:3      | Reached XP level 6. HP: 42/56 MP: 5/5
  2451 | D:4      | Found a hazy altar of Hepliaklqana.
  2451 | D:4      | Noticed Pikel
  2451 | D:4      | Noticed a slave
  2451 | D:4      | Noticed a slave
  2451 | D:4      | Noticed a slave
  2451 | D:4      | Noticed a slave
  2777 | D:4      | Found a glowing golden altar of the Shining One.
  2825 | D:4      | Reached skill level 6 in Axes
  2999 | D:4      | Killed a slave
  3008 | D:4      | Killed Pikel
  3008 | D:4      | Reached skill level 7 in Axes
  3008 | D:4      | Reached skill level 5 in Armour
  3008 | D:4      | Reached XP level 7. HP: 63/63 MP: 6/6
  3011 | D:4      | Reached *** piety under Trog
  3023 | D:4      | Noticed Robin
  3035 | D:4      | Killed Robin
  3044 | D:4      | Reached XP level 8. HP: 56/70 MP: 7/7
  3454 | D:5      | Entered Level 5 of the Dungeon
  3460 | D:5      | Reached skill level 8 in Axes
  4021 | D:5      | Noticed Edmund
  4030 | D:5      | Killed Edmund
  4030 | D:5      | Reached skill level 9 in Axes
  4161 | D:5      | Reached skill level 1 in Maces & Flails
  5075 | D:6      | Reached XP level 9. HP: 79/79 MP: 8/8
  5134 | D:6      | Reached skill level 10 in Axes
  5137 | D:6      | Reached **** piety under Trog
  5151 | D:6      | Found Pujap's Armour Boutique.
  5661 | D:7      | Reached skill level 11 in Axes
  5730 | D:7      | Killed an unseen horror
  5730 | D:7      | Reached skill level 12 in Axes
  5732 | D:7      | Reached XP level 10. HP: 79/88 MP: 9/9
  5737 | D:7      | Killed an unseen horror
  5842 | D:7      | Noticed a cyclops
  6131 | D:7      | Killed a cyclops
  6131 | D:7      | Reached ***** piety under Trog
  6277 | D:7      | Found a staircase to the Ecumenical Temple.
  6474 | D:7      | Found a sacrificial altar of Ru.
  6942 | Temple   | Entered the Ecumenical Temple
  7076 | D:8      | Reached skill level 13 in Axes
  7096 | D:8      | Noticed Psyche
  7115 | D:8      | Killed Psyche
  7115 | D:8      | Reached skill level 10 in Armour
  7588 | D:8      | Found a basalt altar of Yredelemnul.
  7591 | D:8      | Received a gift from Trog
  7689 | D:8      | Found a white marble altar of Elyvilon.
  7844 | D:9      | Noticed Maurice
  7863 | D:9      | Paralysed by something for 6 turns
  7876 | D:9      | Paralysed by something for 7 turns
  7902 | D:9      | Paralysed by something for 6 turns
  7933 | D:9      | Killed Maurice
  8152 | D:9      | Found a staircase to the Lair.
  8313 | D:9      | Noticed a two-headed ogre
  8324 | D:9      | Killed a two-headed ogre
  8324 | D:9      | Reached skill level 14 in Axes
  8324 | D:9      | Reached XP level 11. HP: 99/99 MP: 2/10
  8931 | D:10     | Entered Level 10 of the Dungeon
  8958 | D:10     | Noticed Snorg
  9225 | D:10     | Killed Snorg
  9225 | D:10     | Reached skill level 10 in Fighting
  9519 | D:10     | Noticed a two-headed ogre
  9526 | D:10     | HP: 2/99 [something (7)]
  9554 | D:10     | HP: 3/99 [something (5)]
  9557 | D:10     | Slain by an unseen horror

Skill      XL: |  1  2  3  4  5  6  7  8  9 10 11 |
---------------+----------------------------------+-----
Fighting       | 4 5 6 7 8 9 10 | 10.0
Axes           | 4 5 7 9 12 14 | 14.4
Armour         | 3 4 5 7 9 10 | 10.7
Shields        | 1 3 4 |  4.0
Dodging        | 3 |  3.0
Maces & Flails | 1 |  1.4
Spellcasting   | |  0.2

Action                   |  1- 3 |  4- 6 |  7- 9 | 10-12 || total
-------------------------+-------+-------+-------+-------++-------
Melee: Hand axe          |    82 |   170 |    92 |       ||   344
       Headbutt          |    11 |    29 |    53 |    52 ||   145
       Broad axe         |       |       |   121 |    12 ||   133
       War axe           |       |       |    15 |   105 ||   120
       Flail             |       |       |    10 |       ||    10
       Battleaxe         |       |       |       |   163 ||   163
Invok: Berserk           |     2 |     5 |     6 |     2 ||    15
       Brothers in Arms  |       |       |       |     2 ||     2
       Burn Spellbooks   |       |       |       |     1 ||     1
       Trog's Hand       |       |       |       |     1 ||     1
  Use: Scroll            |       |     9 |     7 |     2 ||    18
  Eat: Chunk             |     3 |     5 |     2 |     1 ||    11
       Ration            |       |     2 |     3 |     4 ||     9
Armor: Animal skin       |     4 |       |       |       ||     4
       Ring mail         |     9 |     2 |       |       ||    11
       Scale mail        |       |    23 |       |       ||    23
       Chain mail        |       |    42 |    45 |       ||    87
       Skin              |       |     2 |       |       ||     2
       Plate armour      |       |       |    74 |   276 ||   350
Dodge: Dodged            |    48 |    67 |    78 |   108 ||   301
Block: Buckler           |       |     9 |    47 |    20 ||    76
